 Dungeon Crawl Stone Soup version 0.32-a0-834-geaf45d8e21 (webtiles) character file.

Game seed: 2716859298153759727

5546 Cecillian the Cleaver (level 10, -6/88 HPs)
             Began as a Demigod Fighter on Mar 26, 2024.
             Shot with a bolt by an orc warrior (19 damage)
             ... in a bailey.
             The game lasted 00:16:24 (8710 turns).

Cecillian the Cleaver (Demigod Fighter)             Turns: 8710, Time: 00:16:24

Health: -6/88      AC: 17    Str: 29    XL:     10   Next: 20%
Magic:  13/13      EV:  7    Int: 10    God:
Gold:   685        SH: 10    Dex: 13    Spells: 9/9 levels left

rFire   . . .        a - +1 war axe (heavy)
rCold   . . .        C - +0 kite shield
rNeg    . . .        B - +0 chain mail {rPois}
rPois   +            w - +0 helmet
rElec   .            (no cloak)
rCorr   +            g - +1 pair of gloves
SInv    .            (no boots)
Will    ++...        (no amulet) Stlth
                     q - +4 ring of protection
HPRegen 0.34/turn    y - ring of resist corrosion
MPRegen 0.13/turn

%: no passive effects
@: on berserk cooldown, enlightened, flying, slowed, very slow
A: high MP 1, forlorn, divine attributes
a: no special abilities


You were in a bailey.
You visited 1 branch of the dungeon, and saw 9 of its levels.
You also visited: Bailey.

You collected 685 gold pieces.

Inventory:

Hand Weapons
 a - a +1 heavy war axe (weapon)
 h - a +3 sling of flaming
 x - a +3 sling
 E - the +7 dagger of the Key {vamp, rElec rPois rF- Str-2 Stlth+}
   (You found it on level 5 of the Dungeon)

   Str-2:     It affects your strength (-2).
   rF-:       It makes you vulnerable to fire.
   rElec:     It insulates you from electricity.
   rPois:     It protects you from poison.
   Stlth+:    It makes you more stealthy.
Missiles
 A - 4 throwing nets (quivered)
 F - 7 curare-tipped darts
Armour
 g - a +1 pair of gloves (worn)
 n - a +0 plate armour
 w - a +0 helmet (worn)
 B - a +0 chain mail of poison resistance (worn)
 C - a +0 kite shield (worn)
Jewellery
 q - a +4 ring of protection (left hand)
 y - a ring of resist corrosion (right hand)
Talismans
 i - a maw talisman
Wands
 v - a wand of paralysis (17)
 D - a wand of roots (7)
Scrolls
 b - a scroll of identify
 f - a scroll of immolation
 j - a scroll of teleportation
 o - a scroll of enchant weapon
 r - 3 scrolls of poison
 t - a scroll of enchant armour
 z - a scroll of torment
Potions
 c - 10 potions of degeneration
 p - 2 potions of mutation
 s - a potion of magic
 u - 3 potions of enlightenment
 H - a potion of haste


   Skills:
 + Level 8.2 Fighting
 + Level 8.6 Axes
 - Level 5.6 Armour
 - Level 0.6 Dodging
 * Level 7.6 Shields


You had 9 spell levels left.
You didn't know any spells.
Your spell library contained the following spells:

 Spells                   Type           Power      Damage    Failure   Level
 Apportation              Tloc           0%         N/A       95%         1
 Necrotise                Necr           0%         1d4       95%         1
 Sting                    Conj/Alch      0%         1d3       95%         1
 Summon Small Mammal      Summ           0%         N/A       95%         1
 Mercury Vapours          Alch/Air       0%         N/A       98%         2
 Olgreb's Toxic Radiance  Alch           0%         N/A       100%        4


Dungeon Overview and Level Annotations

Branches:
Dungeon (9/15)             Temple (0/1) D:7          Bailey (1/1)
   Lair: D:8-11         Orc: D:9-12


Innate Abilities, Weirdness & Mutations

You have an increased reservoir of magic. (+10% MP)
You shall have no god before yourself.
Your divine heritage dramatically boosts your attributes as you level up.


Message History

* * * LOW HITPOINT WARNING * * *
Okay, then.
Okay, then.
You feel better. You block the orc warrior's attack. The orc warrior hits you.
* * * LOW HITPOINT WARNING * * *
The orc shoots a bolt.
The bolt barely misses you.
The orc warrior shoots a bolt.
You block the bolt.
The orc warrior hits you but does no damage. x2
As you read the scroll of teleportation, it crumbles to dust.
You feel strangely unstable. You block the orc warrior's attack.
The orc warrior barely misses you.
You feel better. You block the orc warrior's attack.
The orc warrior closely misses you.
The orc warrior unwields a +3 arbalest.
You block the orc warrior's attack. x2
The orc warrior hits you but does no damage.
You feel better.
Your surroundings suddenly seem different.
Splash!
You fall into the shallow water.
Moving in this stuff is going to be slow.
The orc shoots a bolt.
The bolt hits you but does no damage.
You feel very buoyant.
You fly up into the air.
The orc warrior wields a +3 arbalest.
The orc warrior shoots a bolt.
The bolt hits you!
* * * LOW HITPOINT WARNING * * *
The orc warrior wields a +0 arbalest.
The orc warrior shoots a bolt.
The bolt hits you.
* * * LOW HITPOINT WARNING * * *
The orc warrior wields a +0 arbalest.
The orc warrior shoots a bolt.
You block the bolt.
The orc warrior shoots a bolt.
The bolt closely misses you.
The orc warrior shoots a bolt.
You block the bolt.
The orc shoots a bolt.
You block the bolt.
The orc warrior shoots a bolt.
You block the bolt.
The orc shoots a bolt.
The bolt hits you!
* * * LOW HITPOINT WARNING * * *
The orc warrior shoots a bolt.
The bolt barely misses you.
Unknown command.
You feel better.
The orc warrior shoots a bolt.
You block the bolt.
The orc shoots a bolt.
You block the bolt.
The orc warrior shoots a bolt.
The bolt hits you!!
You die...

#.....~~~~~~~#
#.....~~~~~~~#
#.....~~~~~~~#
#.....~~~~~~~#
#.....~~~~~~~##
#.....~~~~~~~~#
#.....~~~~~~~~##
#.....~~~~~~~~~##
#.....~≈≈~≈≈≈@~~####
#.....≈≈#.##≈~~~~~~###~~
#.....≈##.∩#≈~~~~~~~~~~~~
#....o≈#....~~~~~~~~~~~~~
#.....≈##.##≈~~~~~~~~~~~~
#.....≈≈###≈≈~~~~~~~~~~~~
#.....~≈≈≈≈≈~o~oo~~~~~~~~
#.............o..........
#............§§§.........


You could see 3 orc warriors and an orc.

Vanquished Creatures
  Harold (D:9)
  Joseph (D:9)
  Psyche (D:9)
  A shadow (D:9)
  6 yaks (D:9)
  A wyvern (D:7)
  An acid dragon (D:8)
  A water moccasin (D:7)
  A sky beast (D:6)
  3 orc warriors
  2 black bears
  5 ogres
  4 centaurs
  3 kobold brigands
  2 bullfrogs
  A scorpion (D:3)
  4 wights
  2 howler monkeys (D:9)
  A bombardier beetle (D:5)
  6 hounds
  3 jellies
  3 orc priests
  4 sleepcaps
  A gnoll bouda (D:6)
  3 iguanas (D:5)
  5 orc wizards
  Natasha (thrice) (D:4)
  9 adders
  6 gnolls
  A white imp (D:7)
  A dart slug (D:1)
  A ribbon worm (D:2)
  19 orcs
  10 ball pythons
  8 endoplasms
  4 giant cockroaches
  5 goblins
  12 hobgoblins
  23 kobolds
  3 quokkas
  6 frilled lizards
  8 rats
185 creatures vanquished.

Vanquished Creatures (others)
  An orc wizard (D:7)
1 creature vanquished.

Grand Total: 186 creatures vanquished

Notes
Turn   | Place    | Note
-------+----------+-------------------------------------------
     0 | D:1      | Cecillian the Demigod Fighter began the quest for the Orb.
     0 | D:1      | Reached XP level 1. HP: 18/18 MP: 3/3
    89 | D:1      | Reached XP level 2. HP: 26/26 MP: 4/4
   608 | D:2      | Reached XP level 3. HP: 31/31 MP: 5/5
   872 | D:2      | Reached XP level 4. HP: 31/38 MP: 6/6
  1342 | D:3      | Identified the +1 tower shield of Qunyot {Rampage Will-
                  | Str+3}
  1414 | D:3      | Reached XP level 5. HP: 41/45 MP: 7/7
  1713 | D:4      | Noticed Natasha
  1719 | D:4      | Killed Natasha
  2233 | D:4      | Noticed Natasha
  2239 | D:4      | Killed Natasha
  2258 | D:4      | Noticed Natasha
  2265 | D:4      | Killed Natasha
  2266 | D:4      | Reached skill level 5 in Axes
  2981 | D:5      | Entered Level 5 of the Dungeon
  2994 | D:5      | Reached XP level 6. HP: 50/52 MP: 8/8
  3684 | D:5      | Identified the +7 dagger of the Key {vamp, rElec rPois rF-
                  | Str-2 Stlth+}
  3763 | D:5      | Reached XP level 7. HP: 59/60 MP: 9/9
  4050 | D:5      | Reached skill level 5 in Fighting
  4494 | D:6      | Reached XP level 8. HP: 20/70 MP: 10/10
  6027 | D:7      | Identified the +1 scimitar of the Madman {freeze, rN+
                  | Dex+3}
  6861 | D:7      | Reached XP level 9. HP: 73/73 MP: 11/11
  7265 | D:7      | Found a staircase to the Ecumenical Temple.
  7548 | D:8      | Reached skill level 5 in Shields
  8179 | D:9      | Noticed Joseph
  8186 | D:9      | Noticed Harold
  8386 | D:9      | Noticed Psyche
  8391 | D:9      | Killed Joseph
  8391 | D:9      | Killed Psyche
  8392 | D:9      | Reached skill level 5 in Armour
  8508 | D:9      | Killed Harold
  8509 | D:9      | Reached XP level 10. HP: 56/88 MP: 13/13
  8532 | D:9      | Found a flagged portal.
  8570 | Bailey   | Entered a bailey
  8702 | Bailey   | HP: 2/88 [orc warrior (8)]
  8709 | Bailey   | HP: 1/88 [orc/bolt (11)]
  8710 | Bailey   | Shot with a bolt by an orc warrior

Illustrated notes

Levels and vault maps discovered:
D:1:      amcnicky_arrival_choice, layout_rooms,
          dreamdust_ecumenical_altar_angels_and_demons,
          amcnicky_mini_rare_corridor_liquid, due_unseen_surprise
D:2:      layout_rooms, minmay_fractal_squares_5
D:3:      layout_loops_ring, mainiacjoe_overflow_tiny_flanked, minivault_5
D:4:      layout_layer_cave, old_standard_altar, sigmund_army, uniq_natasha
D:5:      layout_basic, mainiacjoe_overflow_big_doors
D:6:      nicolae_whirlpool, layout_gridville,
          mainiacjoe_overflow_concentric_impassable
D:7:      layout_rooms, minmay_temple_entry_nine_rooms
D:8:      layout_gridville
D:9:      layout_loops_ring, nicolae_dithmenos_shadow_blocks, xom_redecorated,
          enter_bailey_7, uniq_harold, uniq_psyche, uniq_joseph
Bailey:   bailey_polearm_2, bailey

Skill      XL: |  1  2  3  4  5  6  7  8  9 |
---------------+----------------------------+-----
Axes           | 2 3 4 5 6 7 8 |  8.6
Fighting       | 3 4 5 6 8 |  8.2
Shields        | 4 7 |  7.6
Armour         | 3 5 |  5.6
Dodging        | |  0.6

Action                     |  1- 3 |  4- 6 |  7- 9 | 10-12 || total
---------------------------+-------+-------+-------+-------++-------
  Melee: War axe           |    88 |   142 |   214 |    16 ||   460
         Dagger            |       |       |    16 |       ||    16
         Scimitar          |       |       |     8 |       ||     8
   Fire: Sling             |       |       |    40 |       ||    40
  Evoke: Wand              |       |       |    11 |     1 ||    12
    Use: Scroll            |       |       |    20 |     2 ||    22
         Potion            |       |       |     3 |     9 ||    12
   Stab: Paralysed         |       |       |     3 |       ||     3
 Armour: Scale mail        |    84 |   137 |   193 |       ||   414
         Chain mail        |       |       |    85 |    49 ||   134
  Dodge: Dodged            |    44 |    72 |   104 |    22 ||   242
  Block: Buckler           |    24 |    29 |       |       ||    53
         Kite shield       |       |    11 |   161 |    45 ||   217

Table legend: (Time is in decaauts)
 A = Elapsed time spent in this place.
 B = Non-inter-level travel time spent in this place.
 C = Inter-level travel time spent in this place.
 D = Time resting spent in this place.
 E = Time spent auto-exploring this place.
 F = Levels seen in this place.
 G = Mean time per level.
                   A        B        C        D        E       F      G
               +--------+--------+--------+--------+--------+-----+--------+
         Total |   8953 |   8807 |    146 |   2338 |   4410 |  10 |  895.3 |
       Dungeon |   8810 |   8664 |    146 |   2252 |   4408 |   9 |  978.9 |
        Bailey |    143 |    143 |      0 |     86 |      2 |   1 |  143.0 |
               +--------+--------+--------+--------+--------+-----+--------+

Top non-repeatable levels by time:
     D:6: 1845 daAuts
     D:5: 1668 daAuts
     D:4: 1173 daAuts
     D:7: 1018 daAuts
     D:3: 835 daAuts
     D:8: 725 daAuts
     D:1: 531 daAuts
     D:2: 510 daAuts
     D:9: 501 daAuts
  Bailey: 143 daAuts
